 Dungeon Crawl Stone Soup version 0.16.1-51-g6203257 (webtiles) character file.

347 Miyamura the Ogre Mage (level 6, -1/61 HPs)
             Began as an Ogre Wizard on July 6, 2015.
             Killed by divine providence
             ... invoked by an orc priest
              (11 damage)
             ... on level 4 of the Dungeon.
             The game lasted 00:12:07 (4664 turns).

Miyamura the Ogre Mage (Ogre Wizard)                Turns: 4664, Time: 00:12:07

Health: -1/61      AC:  4    Str: 11 (13) XL:     6   Next: 59%
Magic:  9/16       EV: 10    Int: 17      God:
Gold:   151        SH:  0    Dex: 10      Spells: 4 memorised, 7 levels left

rFire  . . .     SeeInvis +     i - +1 whip (vamp)
rCold  . . .     Clarity  .     a - +0 robe
rNeg   + . .     SustAb   .     (shield restricted)
rPois  .         Gourm    .     b - +0 hat
rElec  .         Spirit   .     t - +0 cloak
rCorr  .         Warding  .     (gloves unavailable)
rMut   .         Stasis   .     (boots unavailable)
MR     .....                    (no amulet)
Stlth  +.........               u - ring of see invisible
                                v - ring of positive energy

@: not resistant to hostile enchantments, very unstealthy
A: unfitting armour, tough skin 1
a: no special abilities


You were on level 4 of the Dungeon.
You were not hungry.

You visited 1 branch of the dungeon, and saw 4 of its levels.

You collected 151 gold pieces.

Inventory:

Hand weapons
 f - a +3 mace of draining
 i - a +1 vampiric whip (weapon)
Armour
 a - a +0 robe (worn)
 b - a +0 hat (worn)
 t - a +0 cloak (worn)
Jewellery
 j - an uncursed ring of teleport control
 u - a ring of see invisible (right hand)
 v - a ring of positive energy (left hand)
Magical devices
 g - a wand of confusion (0)
 l - a wand of fire (7)
 o - a wand of digging (24)
Scrolls
 q - a scroll of remove curse
Potions
 e - 3 potions of flight
Books
 c - a book of Minor Magic

   Spells                             Type                      Level
   a - Magic Dart                     Conjuration                  1
   b - Blink                          Translocation                2
   c - Call Imp                       Summoning                    2
   d - Repel Missiles                 Charms/Air                   2
   e - Slow                           Hexes                        2
   f - Conjure Flame                  Conjuration/Fire             3
   g - Mephitic Cloud                 Conjuration/Poison/Air       3
Comestibles
 d - a meat ration
 n - a royal jelly
 p - a bread ration
 s - 2 beef jerkies


   Skills:
 + Level 3.3 Fighting
 + Level 3.9 Maces & Flails
 + Level 2.9 Dodging
 - Level 1.5 Stealth
 + Level 4.7 Spellcasting
 + Level 2.2 Conjurations
 - Level 0.6 Summonings
 - Level 0.6 Translocations


You had 7 spell levels left.
You knew the following spells:

 Your Spells              Type           Power        Failure   Level  Hunger
a - Magic Dart            Conj           ##..         10%         1    None
b - Blink                 Tloc           N/A          21%         2    #......
c - Call Imp              Summ           #.......     21%         2    #......
R - Repel Missiles        Chrm/Air       #.....       24%         2    #......


Dungeon Overview and Level Annotations

Branches:
Dungeon (4/15)
 Temple: D:4-7

Altars:
The Shining One

Shops:
D:4 =


Innate Abilities, Weirdness & Mutations

You are too large for most types of armour.
You have tough skin (AC +1).


Message History

The magic dart hits you!
* * * LOW HITPOINT WARNING * * *
The orc priest calls down the wrath of Beogh upon you.
Pain shoots through your body!
* * * LOW HITPOINT WARNING * * *
The orc wizard hits you with a dagger.
* * * LOW HITPOINT WARNING * * *
The orc wizard hits you but does no damage.
The orc wizard mumbles some strange words.
The orc wizard blinks!
The orc priest prays to Beogh.
You feel troubled.
The orc priest glows brightly for a moment.
The orc wizard hits you but does no damage.
The orc wizard points at you and mumbles some strange words.
The magic dart hits you!
* * * LOW HITPOINT WARNING * * *
The orc priest calls down the wrath of Beogh upon you.
Something smites you!
You die...

.......#.# ###.##........
###.##.#.# #....o#
#.##.#.# #...o.## #......#
#......# #####.#####
#......# #.........#
#......# ##.#.#.###.#
###..#.##.#.
#......###.######o........
................@.........
#.....####.######...####..
#..#.#####.# #..##
#..........# #.##
#.########## #.# #.#####
#.# #.....# #.# #####.#
... #.# #.#


You could see an orc priest, an orc wizard and an orc.

Vanquished Creatures
  An orc priest (D:4)
  3 worker ants (D:4)
  Ijyb (D:2)
  Terence (D:2)
  3 adders
  A giant mite (D:2)
  A worm (D:2)
  5 giant geckos
  An ooze (D:1)
  A ball python (D:1)
  4 bats
  3 giant cockroaches
  10 hobgoblins
  5 jackals
  2 giant newts
  5 goblins
  5 kobolds
  5 rats
57 creatures vanquished.

Vanquished Creatures (collateral kills)
  Edmund (D:4)
  A necrophage (D:4)
  A hound (D:4)
3 creatures vanquished.

Vanquished Creatures (others)
  A crimson imp (D:4)
  2 white imps (D:4)
3 creatures vanquished.

Grand Total: 63 creatures vanquished

Notes
Turn   | Place    | Note
--------------------------------------------------------------
     0 | D:1      | Miyamura, the Ogre Wizard, began the quest for the Orb.
     0 | D:1      | Reached XP level 1. HP: 16/16 MP: 4/4
   383 | D:1      | Reached skill level 1 in Fighting
   578 | D:1      | Reached XP level 2. HP: 27/27 MP: 6/6
   657 | D:1      | Reached skill level 4 in Spellcasting
  1198 | D:2      | Learned a level 2 spell: Blink
  1201 | D:2      | Learned a level 2 spell: Repel Missiles
  1204 | D:2      | Learned a level 2 spell: Call Imp
  1238 | D:2      | Noticed Terence
  1252 | D:2      | Killed Terence
  1252 | D:2      | Reached skill level 1 in Maces & Flails
  1252 | D:2      | Reached skill level 1 in Conjurations
  1252 | D:2      | Reached XP level 3. HP: 32/35 MP: 3/9
  1659 | D:2      | Noticed Ijyb
  1671 | D:2      | Killed Ijyb
  1671 | D:2      | Reached XP level 4. HP: 39/42 MP: 11/11
  2161 | D:3      | Found a glowing golden altar of the Shining One.
  2903 | D:4      | Found Awnafut's Jewellery Shoppe.
  2946 | D:4      | Noticed Edmund
  3033 | D:4      | HP: 2/42 [Edmund/flail of holy wrath (7)]
  3056 | D:4      | Killed Edmund
  3056 | D:4      | Reached XP level 5. HP: 6/50 MP: 1/13
  4062 | D:4      | Reached XP level 6. HP: 49/61 MP: 11/15
  4340 | D:4      | HP: 2/61 [hound (5)]
  4664 | D:4      | Killed from afar by an orc priest

Action                   |  1- 3 |  4- 6 || total
-------------------------+-------+-------++-------
Melee: Unarmed           |    20 |       ||    20
       Mace              |    83 |     9 ||    92
       Whip              |       |   195 ||   195
 Cast: Magic Dart        |     4 |     2 ||     6
       Call Imp          |     2 |    21 ||    23
       Repel Missiles    |     1 |       ||     1
       Blink             |       |     2 ||     2
  Use: Scroll            |     6 |     6 ||    12
       Potion            |       |     8 ||     8
 Stab: Sleeping          |     1 |     2 ||     3
  Eat: Chunk             |     2 |    10 ||    12
       Meat ration       |       |     1 ||     1
